 Dungeon Crawl Stone Soup version 0.19.3 (webtiles) character file.

87 zhar the Grave Robber (level 4, 0/30 HPs)
             Began as a Vampire Necromancer on Jan 22, 2017.
             Killed from afar by Sigmund (7 damage)
             ... with a magic dart
             ... on level 2 of the Dungeon.
             The game lasted 00:15:57 (2962 turns).

zhar the Grave Robber (Vampire Necromancer)         Turns: 2962, Time: 00:15:57

Health: 0/30       AC:  2    Str:  7    XL:     4   Next: 28%
Magic:  3/7        EV: 12    Int: 18    God:
Gold:   106        SH:  0    Dex: 14    Spells: 1 memorised, 6 levels left

rFire  . . .     SeeInvis +     e - +0 short sword
rCold  . . .     Gourm    .     a - +0 robe
rNeg   + . .     Faith    .     (no shield)
rPois  .         Spirit   .     (no helmet)
rElec  .         Reflect  .     (no cloak)
rCorr  .         Harm     .     (no gloves)
MR     .....                    (no boots)
Stlth  ++........               (no amulet)
                                (no ring)
                                (no ring)

@: no status effects
A: fangs 3, see invisible, unbreathing
a: Bat Form


You were on level 2 of the Dungeon.
You were not thirsty.

You visited 1 branch of the dungeon, and saw 2 of its levels.

You collected 106 gold pieces.

Inventory:

Hand Weapons
 e - a +0 short sword (weapon)
 n - a +0 dagger
Armour
 a - a +0 robe (worn)
Scrolls
 g - 8 scrolls of identify {unknown}
 i - 2 scrolls of enchant weapon {unknown}
 j - a scroll of teleportation {unknown}
 k - a scroll of blinking {unknown}
 l - a scroll of fog {unknown}
Potions
 c - 3 potions of blood
 d - 3 potions of curing {unknown}
 f - 2 potions of brilliance {unknown}
 h - a potion of heal wounds {unknown}
 m - a potion of invisibility {unknown}
 o - a potion of resistance {unknown}
 p - a potion of ambrosia {unknown}
Books
 b - a book of Necromancy

   Spells                             Type                      Level
   a - Pain                           Necromancy                   1
   b - Animate Skeleton               Necromancy                   1
   c - Vampiric Draining              Necromancy                   3
   d - Regeneration                   Charms/Necromancy            3
   e - Animate Dead                   Necromancy                   4
   f - Control Undead                 Necromancy                   4


   Skills:
 * Level 1.8 Short Blades
 - Level 2.1 Dodging
 - Level 3.0 Stealth
 - Level 2.0 Spellcasting
 - Level 6.0 Necromancy


You had 6 spell levels left.
You knew the following spells:

 Your Spells              Type           Power        Failure   Level  Hunger
a - Pain                  Necr           ###.         1%          1    #......


Dungeon Overview and Level Annotations

Branches:
Dungeon (2/15)

Altars:

Annotations:
D:2 Sigmund


Innate Abilities, Weirdness & Mutations

You have razor-sharp teeth.
You have supernaturally acute eyesight. (SInv)
You can survive without breathing.


Message History

Casting: Pain
Confirm with . or Enter, or press ? or * to list all spells.
Aiming: Pain
Press: ? - help, Shift-Dir - straight line, f/p - Sigmund
Aim: Sigmund, wielding a scythe and wearing a glowing robe (moderately wounded, slightly transparent, chance to defeat MR: 88%) Sigmund writhes in agony!
Sigmund barely misses you.
You closely miss Sigmund.
Sigmund is heavily wounded.
Sigmund hits you with a scythe.
* * * LOW HITPOINT WARNING * * *
You barely miss Sigmund. You bite Sigmund, but do no damage.
Sigmund is heavily wounded.
Sigmund barely misses you.
You hit Sigmund. You bite Sigmund.
Sigmund is severely wounded.
You hit Sigmund.
Sigmund is severely wounded.
Sigmund gestures at you while chanting. The magic dart hits you!
You die...

### .. #..@. # #.#. # #.. # #.#
##### # #.# #...# # #.# #.#####
#.######### #.##..%
#....@@...######.##... ########
####.####.##......>... #....).#
#.####.##<#####..).
#.####.######.##.........##....
#.##...........#.#.##@##.##>###
#.##.#.###>.(.......#.##.##.#
#.##.#.# #..........#.......#
#......# #.....#.........####
####.#####.....#.##.##.#)#


You could see Sigmund (invisible).

Vanquished Creatures
  Robin (D:2)
  2 adders (D:2)
  An ooze (D:1)
  A worm (D:2)
  A dart slug (D:1)
  3 leopard geckos
  4 bats (D:1)
  2 giant cockroaches (D:1)
  4 hobgoblins
  4 kobolds
  A ball python (D:1)
  3 frilled lizards
  15 goblins
  2 rats
44 creatures vanquished.

Notes
Turn   | Place    | Note
-------+----------+-------------------------------------------
     0 | D:1      | zhar the Vampire Necromancer began the quest for the Orb.
     0 | D:1      | Reached XP level 1. HP: 13/13 MP: 3/3
   553 | D:1      | Reached XP level 2. HP: 16/19 MP: 1/5
   672 | D:1      | Reached skill level 5 in Necromancy
  1551 | D:2      | Reached XP level 3. HP: 23/24 MP: 3/6
  1676 | D:2      | Noticed Sigmund
  1825 | D:2      | Noticed Robin
  1828 | D:2      | Killed Robin
  2106 | D:2      | Reached skill level 6 in Necromancy
  2335 | D:2      | Reached skill level 1 in Short Blades
  2335 | D:2      | Reached XP level 4. HP: 28/30 MP: 4/7
  2962 | D:2      | Killed from afar by Sigmund

Skill      XL: |  1  2  3 |
---------------+----------+-----
Necromancy     | 5 6 |  6.0
Short Blades   | 1 |  1.8
Dodging        | |  2.1
Stealth        | |  3.0
Spellcasting   | |  2.0

Action                   |  1- 3 |  4- 6 || total
-------------------------+-------+-------++-------
Melee: Short sword       |    23 |    14 ||    37
       Bite              |     3 |     4 ||     7
 Cast: Pain              |    60 |    14 ||    74
 Abil: End Transformatio |     2 |     1 ||     3
       Bat Form          |     2 |     1 ||     3
 Stab: Sleeping          |     6 |       ||     6
  Eat: Corpse            |     8 |       ||     8
Armor: Robe              |     4 |       ||     4
Dodge: Dodged            |    22 |     6 ||    28
